cohdb
Replays
Latest Replays
All Replays
Popular Replays
Top Player Replays
Match Explorer
How It Works
Community
CoH3 Stats
Reddit
Sign in to upload your games and track your stats! →
Sign in with Steam
Match 42312100
Unlisted
Match 42312100
Overview
Messages
Build Orders
End
Construct Weapon Support Center
Selects Special Operations Battlegroup
Selects M29 Weasel Recon Vehicle
M29 Weasel Recon Vehicle
M1919 Machine Gun Team
Engineer Squad
Infantry Support Center
M1919 Machine Gun Team
M3 Armored Personnel Carrier
Engineer Squad
Construct Medical Station
Advanced Logistics
Selects Raiding Flares
Selects SSF Commando Squad
SSF Commando Squad
SSF Commando Squad
Buckshot Harry
Maup
G'kar
Mustache and Melons
0
0
Comments
sign in to comment!
No comments posted yet!